Description

test

Build Order

Get SALT Encoding   

  14  0:17  Supply Depot  
  16  0:40  Barracks  
  16  0:43  Refinery  
  19  1:27  Barracks Reactor  
  19  1:28  Orbital Command  
  19  1:41  Command Center  
  19  1:51  Supply Depot  
  20  2:04  Marine x2  
  22  2:14  Factory  
  23  2:21  Refinery  
  24  2:23  Marine x2  
  25  2:30  Bunker  
  27  2:53  Orbital Command  SWAP BARRACKS AND FACTORY
  31  3:08  Hellion x2  
  38  3:30  Hellion x2  WALL
  40  3:37  Supply Depot  IN WALL
  40  3:40  Barracks Tech Lab  LIFT FACTORY
  42  3:52  Terran Vehicle Weapons Level 1  PLACE FACTORY ON TECH LAB
  44  4:03  Supply Depot  IN WALL
  47  4:05  Refinery x2  
  48  4:10  Factory x2  
  51  4:26  Supply Depot   IN WALL
  55  4:36  Siege Tank  
  60  5:00  Factory Tech Lab  
  70  5:18  Supply Depot  FAKE SUPPLY LIMIT NEXT (TO BI FIXED)
  70  5:24  Hellion x2  
  70  5:30  Thor x2  
  70  5:34  Supply Depot  AT CORNER
  70  5:51  Terran Vehicle Weapons Level 2  x2 SUPPLY DEPOT NEXT
  70  5:55  Supply Depot  OR 2 THORS [IF NO ROACHES]
  70  6:06  Siege Tank x2  
  70  6:10  Hellion x2  
  70  6:28  Factory  
  70  6:29  Barracks Reactor  
  70  6:31  Hellion  
  70  6:35  Supply Depot x2  
  70  6:42  Engineering Bay  
  70  6:47  Thor x2  SCAN
  70  6:58  Hellion x2  
  70  7:01  Thor x2, Hellion x2, Supply Depot x4, Missile Turret x2   BARRACK FLY FORWARD
Spawning Tool Build Advisor. Get it on Overwolf

Analysis

test

Go to:

Details

  • Created by: EgJedi
  • Published on: Jul 11, 2020
  • Modified on: Jul 11, 2020
  • Patch: 4.11.0
  • Difficulty: Hard
Show
View Real Time Build Order
Export as new Build Order

Comments (0)

There are no comments. Be the first!

Create an account to comment!